 Dungeon Crawl Stone Soup version 0.14.0-26-g1682e81 (webtiles) character file.

362 Heini the Covered (level 6, -6/56 HPs)
             Began as a Hill Orc Fighter on Apr 26, 2014.
             Was a Follower of Okawaru.
             Mangled by an ogre
             ... wielding a +0,+0 giant club
              (22 damage)
             ... on Level 4 of the Dungeon.
             The game lasted 00:08:24 (2699 turns).

Heini the Covered (Hill Orc Fighter)                Turns: 2699, Time: 00:08:24

HP  -6/56        AC 12     Str 26      XL: 6   Next: 37%
MP   6/6         EV  5     Int  8      God: Okawaru [*.....]
Gold 60          SH 19     Dex 10      Spells:  0 memorised,  5 levels left

rFire  . . .     SeeInvis .     s - +0,+1 war axe
rCold  . . .     Clarity  .     g - +0 chain mail
rNeg   . . .     Conserve .     c - +0 shield
rPois  .         rCorr    .     (no helmet)
rElec  .         rRot     .     (no cloak)
SustAb . .       Spirit   .     o - +1 pair of gloves
rMut   .         Warding  .     (no boots)
Saprov + . .     Stasis   .     (no amulet)
MR     .....                    (no ring)
                                (no ring)

@: mighty, not resistant to hostile enchantments, extremely unstealthy
A: saprovore 1
a: Heroism, Renounce Religion


You were on level 4 of the Dungeon.
You worshipped Okawaru.
Okawaru was aware of your devotion.
You were hungry.

You visited 1 branch of the dungeon, and saw 4 of its levels.

You collected 86 gold pieces.
You spent 26 gold pieces at shops.

Inventory:

Hand weapons
 a - a +0,+0 war axe
 s - a +0,+1 war axe (weapon)
Armour
 b - a +0 scale mail
 c - a +0 shield (worn)
 g - a +0 chain mail (worn)
 o - a +1 pair of gloves (worn)
Magical devices
 B - a wand of confusion (11) {unknown}
Comestibles
 d - a meat ration
 h - a pear
 i - 4 sultanas
 j - an apple
 n - a bread ration
 C - 5 rotting chunks of ogre flesh
Scrolls
 p - 3 scrolls of identify
 r - a scroll of fog {unknown}
 t - a scroll of recharging
 u - a scroll of remove curse {unknown}
 v - a scroll of teleportation
 y - a scroll of enchant weapon II
 A - a scroll of fear
Potions
 f - a potion of heal wounds {unknown}
 k - 2 potions of agility
 l - a potion of brilliance {unknown}
 m - a potion of mutation {unknown}
 q - 2 potions of lignification {unknown}
 z - a potion of berserk rage {unknown}
Books
 x - a book of Beasts

   Spells                             Type                      Level
   Summon Butterflies                 Summoning                    1
   Call Canine Familiar               Summoning                    3
   Summon Ice Beast                   Ice/Summoning                4
   Summon Mana Viper                  Hexes/Summoning              5
   Monstrous Menagerie                Summoning                    6
   Summon Hydra                       Summoning                    7


   Skills:
 * Level 5.1 Fighting
 * Level 5.2 Axes
 * Level 5.5 Armour
 - Level 3.4 Shields


You had 5 spell levels left.
You didn't know any spells.

Dungeon Overview and Level Annotations

Branches:
Dungeon (4/15)
 Temple: D:4-7

Altars:
Fedhas
Okawaru
Vehumet

Shops:
D:4 }(*%

Annotations:
D:3 Heini's ghost, average HOFi


Innate Abilities, Weirdness & Mutations

You can tolerate rotten meat.


Message History

You block the hound's attack.
An orc comes into view. It is wielding a trident.
The orc shouts!
The hound bites you. You block the orc's attack. The hound bites you.
The orc hits you with a trident.
You slash the rat!
You kill the rat!
Okawaru accepts your kill.
You hit the orc.
The orc is moderately wounded.
The hound barely misses you. x2
The orc hits you with a trident.
The hound bites you but does no damage. x2
The orc hits you with a trident.
* * * LOW HITPOINT WARNING * * *
Drink which item? (? for menu, Esc to quit)
You feel very mighty all of a sudden. You block the hound's attack.
The ogre hits you with a giant club!
You die...

(...............................
..........∩.........∩...........
................................
.........................).......
.................................
........)........................
.................................
...............o.h...............
................@O###############
..................#
..................#
..................#
..................#
..................#
..................#
..................#
.............. ...


You could see an ogre, a hound and an orc.

Vanquished Creatures
  An ogre (D:4)
  A centaur skeleton (D:4)
  A hound (D:4)
  A worker ant (D:4)
  Jessica (D:2)
  A hound skeleton (D:4)
  A gnoll (D:1)
  4 adders
  2 giant geckos (D:2)
  An ooze (D:3)
  An orc (D:4)
  6 ball pythons
  7 bats
  5 goblins
  5 hobgoblins
  8 kobolds
  A quokka (D:2)
  2 giant cockroaches (D:1)
  2 giant newts
  A goblin skeleton (D:4)
  7 jackals
  7 rats
  2 rat skeletons (D:4)
68 creatures vanquished.

Vanquished Creatures (others)
  5 toadstools (D:1)
5 creatures vanquished.

Grand Total: 73 creatures vanquished

Notes
Turn   | Place    | Note
--------------------------------------------------------------
     0 | D:1      | Heini, the Hill Orc Fighter, began the quest for the Orb.
     0 | D:1      | Reached XP level 1. HP: 19/19 MP: 1/1
   234 | D:1      | Reached skill level 4 in Fighting
   234 | D:1      | Reached XP level 2. HP: 14/27 MP: 2/2
   417 | D:1      | Reached XP level 3. HP: 31/33 MP: 3/3
   733 | D:2      | Found a blossoming altar of Fedhas.
   734 | D:2      | Found a radiant altar of Vehumet.
   737 | D:2      | Found an iron altar of Okawaru.
   742 | D:2      | Became a worshipper of Warmaster Okawaru
   786 | D:2      | Noticed Jessica
   797 | D:2      | Killed Jessica
   836 | D:2      | Reached XP level 4. HP: 36/41 MP: 4/4
  1911 | D:3      | Noticed Heini's ghost (average HOFi)
  1927 | D:4      | Found Prai's Weapon Shop.
  2013 | D:4      | Found Byochy's Assorted Antiques.
  2030 | D:4      | Bought a scroll labeled RYONGA TEFFE for 26 gold pieces
  2050 | D:4      | Reached XP level 5. HP: 40/47 MP: 5/5
  2134 | D:4      | Found Wolomar's Food Shoppe.
  2162 | D:4      | Reached skill level 5 in Armour
  2350 | D:4      | Found Ulil's Gadget Shop.
  2355 | D:4      | Noticed an ogre
  2362 | D:4      | Reached skill level 5 in Fighting
  2366 | D:4      | HP: 2/48 [ogre/giant spiked club (16)]
  2367 | D:4      | Killed an ogre
  2367 | D:4      | Acquired Okawaru's first power
  2367 | D:4      | Reached skill level 5 in Axes
  2367 | D:4      | Reached XP level 6. HP: 2/56 MP: 6/6
  2452 | D:4      | Noticed an ogre
  2699 | D:4      | Mangled by an ogre

Action                   |  1- 3 |  4- 6 || total
-------------------------+-------+-------++-------
Melee: War axe           |    83 |   159 ||   242
  Use: Scroll            |     1 |     7 ||     8
       Potion            |       |     1 ||     1
